Map: Lost and Found LE

Players

Chaosstreuer

  • Race: Protoss Protoss
  • League: Diamond
  • Spawn Location: 1:00

OmaMorkie - Winner!

  • Race: Zerg Zerg
  • League: Diamond
  • Spawn Location: 7:00

VOD

Have the link to the VOD?

Description

poop+1 ling flood with early lair for creep pooping & queen waddle across the map into +2 baneling terror with Overseer corrupting Nexus.
Keep the toss on low econ!

Time

  • Played on: July 1, 2018, 3 p.m.
  • Length: 15:11
Show
View Real Time Build Order
Export as new Build Order

Chaosstreuer Protoss 

Build Orders: Oracle Opening, Phoenix Opening 

Get SALT Encoding   

  12  0:01  Probe  
  13  0:13  Probe  
  14  0:19  Pylon  
  14  0:25  Probe  
  15  0:37  Probe  
  15  0:39  Gateway  
  16  0:47  Assimilator  
  16  0:49  Probe  
  17  1:01  Probe  
  18  1:09  Gateway  
  18  1:14  Probe  
  19  1:26  Probe  
  19  1:27  Cybernetics Core  
  20  1:38  Probe  
  21  1:44  Assimilator  
  21  1:46  Pylon  
  21  1:50  Probe  
  22  2:02  Probe  
  22  2:04  Zealot  
  25  2:13  Warp Gate  
  25  2:19  Stargate  
  25  2:20  Probe  
  26  2:39  Nexus  
  26  2:43  Probe  
  27  2:55  Probe  
  28  3:03  Oracle  
  31  3:14  Pylon  
  31  3:19  Pylon  
  31  3:27  Adept  
  31  3:28  Probe  
  32  3:35  Pylon  
  32  3:36  Probe, Adept  
  37  3:48  Probe  
  37  3:49  Phoenix  
  37  3:52  Probe  
  40  4:00  Probe x2  
  43  4:10  Probe  
  43  4:12  Probe  
  44  4:24  Shield Battery, Cybernetics Core  
  44  4:27  Gateway, Shield Battery, Adept  
  44  4:30  Probe x2  
  48  4:40  Shield Battery, Stalker  
  48  4:42  Probe  
  48  4:43  Probe  
  52  4:54  Probe  
  52  4:55  Probe  
  54  5:02  Zealot  
  54  5:05  Void Ray  
  54  5:07  Probe x2  
  56  5:11  Stalker  
  56  5:18  Robotics Facility  
  56  5:19  Pylon, Probe x2  
  62  5:24  Stalker  
  64  5:43  Pylon  
  64  5:47  Stalker x2  
  51  6:00  Stalker  
  53  6:06  Pylon  
  53  6:10  Stalker x2  
  57  6:14  Immortal  
  57  6:15  Phoenix  
  57  6:37  Probe  
  57  6:38  Gateway  
  56  6:53  Immortal  
  56  7:13  Zealot  
  56  7:15  Adept  
  54  7:28  Probe x2  
  56  7:30  Assimilator  
  56  7:34  Assimilator  
  56  7:39  Probe x2  
  58  7:47  Probe x2  
  59  7:52  Immortal  
  59  7:55  Probe  
  59  7:56  Stalker  
  59  7:57  Stalker x2  
  70  7:59  Probe  
  72  8:06  Probe  
  72  8:11  Probe  
  74  8:18  Probe  
  75  8:24  Adept x3  
  73  8:27  Probe  
  73  8:30  Probe  
  73  8:31  Observer  
  76  8:40  Probe  
  77  8:43  Probe  
  74  8:52  Warp Prism  
  74  8:53  Stalker  
  74  8:54  Stalker x2  
  72  8:58  Forge, Probe x2  
  67  9:12  Protoss Ground Weapons Level 1  
  61  9:29  Stalker x3  
  67  9:35  Twilight Council  
  67  9:37  Probe x2  
  69  9:49  Probe  
  69  9:50  Probe  
  51  10:02  Probe x2  
  51  10:04  Zealot x3  
  45  10:14  Probe  
  44  10:18  Probe  
  44  10:20  Immortal  
  37  10:26  Probe  
  37  10:29  Stalker  
  37  10:30  Probe  
  37  10:34  Sentry x2  
  44  10:38  Probe  
  44  10:50  Probe  
  44  10:51  Charge  
  41  11:04  Probe  
  41  11:10  Adept x3  
  43  11:13  Probe  
  45  11:22  Probe  
  45  11:30  Probe  
  46  11:32  Sentry  
  46  11:33  Sentry  
  46  11:34  Probe  
  51  11:40  Probe  
  51  11:44  Probe  
  53  11:52  Probe  
  54  11:54  Stalker  
  54  11:56  Probe  
  57  12:03  Protoss Ground Weapons Level 2  
  57  12:04  Probe  
  58  12:08  Probe  
  59  12:16  Probe  
  59  12:20  Probe  
  61  12:24  Zealot  
  61  12:25  Zealot  
  66  12:33  Probe  
  65  12:41  Zealot  
  61  12:45  Zealot x2  
  61  12:49  Probe  
  65  13:01  Immortal  
  65  13:02  Probe  
  66  13:08  Zealot x3  
  72  13:31  Zealot  
  72  13:32  Zealot x2  
  38  13:57  Probe  
  38  13:58  Probe  
  36  14:05  Zealot x3  
  36  14:09  Probe  
  43  14:10  Probe  
  46  14:28  Zealot x3  
  52  14:43  Probe x2  
  52  14:45  Zealot  
  54  14:56  Probe x2  
  54  14:59  Zealot x2  
Show
View Real Time Build Order
Export as new Build Order

OmaMorkie Zerg - Winner!

Build Orders: Hatch First 

Get SALT Encoding   

  12  0:01  Drone  
  13  0:13  Overlord  
  13  0:16  Drone  
  14  0:32  Drone x2  
  16  0:36  Drone  
  17  0:59  Hatchery  
  17  1:01  Drone x2  
  18  1:04  Extractor  
  17  1:14  Drone  
  18  1:21  Spawning Pool  
  18  1:22  Drone  
  18  1:30  Drone  
  19  1:47  Overlord  
  19  1:50  Drone  
  20  2:11  Drone  
  20  2:12  Drone, Queen  
  20  2:14  Queen, Metabolic Boost  
  26  2:20  Evolution Chamber  
  26  2:22  Drone  
  25  2:26  Drone  
  25  2:28  Drone  
  27  2:33  Drone  
  27  2:36  Drone  
  29  2:43  Zergling x2  
  30  2:45  Zergling x2  
  30  2:48  Zerg Melee Weapons Level 1  
  31  2:56  Drone x2  
  33  3:01  Queen  
  33  3:05  Zergling x2  
  36  3:08  Overlord  
  36  3:21  Lair  
  36  3:23  Drone, Extractor  
  36  3:25  Overlord  
  36  3:27  Zergling x6  
  39  3:38  Zergling x8  
  43  3:43  Overlord  
  43  3:44  Zergling x2  
  43  3:47  Zergling x2  
  45  3:58  Zergling x4  
  47  4:04  Zergling x2  
  47  4:05  Zergling x4  
  47  4:06  Baneling Nest  
  50  4:10  Zergling x2  
  47  4:39  Spine Crawler  
  47  4:40  Spine Crawler  
  47  4:41  Spore Crawler  
  44  4:45  Spine Crawler  
  44  4:49  Drone x4  
  47  5:01  Zerg Melee Weapons Level 2  
  46  5:10  Baneling x3  
  46  5:12  Drone x2  
  48  5:18  Overseer x2  
  48  5:22  Zergling x2  
  48  5:27  Baneling x4  
  49  5:30  Zergling x2  
  50  5:39  Baneling x2  
  49  5:54  Drone x2  
  49  5:55  Drone x6  
  49  5:56  Drone  
  55  5:58  Drone  
  55  6:06  Overseer  
  55  6:09  Overseer  
  55  6:13  Zergling x2  
  55  6:14  Zergling x6, Extractor  
  57  6:25  Zergling x8  
  55  6:31  Pneumatized Carapace  
  55  6:32  Drone x2  
  58  6:33  Drone  
  59  6:47  Baneling  
  59  6:48  Baneling x2  
  59  6:49  Overlord x3  
  59  6:50  Overlord  
  56  7:12  Zergling x8  
  60  7:16  Centrifical Hooks  
  60  7:17  Zergling x4  
  60  7:23  Zergling x2  
  60  7:24  Hatchery  
  60  7:28  Zergling x2  
  56  7:37  Zergling x4  
  56  7:43  Baneling x4  
  58  7:44  Baneling x2  
  58  7:45  Baneling  
  58  7:46  Baneling  
  58  7:48  Zergling x8  
  62  7:51  Zergling x4  
  62  7:52  Zergling x2  
  65  8:06  Zergling x6  
  67  8:16  Zergling x6  
  67  8:17  Zergling x2  
  67  8:23  Overlord x2  
  60  8:28  Spine Crawler  
  60  8:30  Spine Crawler  
  60  8:32  Zergling x2  
  60  8:33  Zergling x6  
  53  8:46  Queen x2  
  53  8:47  Queen  
  53  8:48  Zergling x6  
  60  8:52  Zergling x4  
  60  8:53  Zergling x2  
  60  9:02  Zergling x6  
  63  9:04  Zergling x2  
  62  9:24  Zergling x2  
  62  9:25  Zergling x8  
  67  9:39  Zergling x12  
  67  9:41  Hatchery  
  67  9:42  Baneling x2  
  67  9:43  Baneling x3  
  72  9:50  Zergling x4  
  68  9:56  Zergling x4  
  65  10:00  Zergling x2  
  65  10:03  Spore Crawler  
  65  10:05  Spore Crawler  
  62  10:11  Zergling x8  
  62  10:12  Zergling x2  
  64  10:18  Zergling x2  
  64  10:19  Zergling x2  
  65  10:24  Zergling x4  
  66  10:30  Infestation Pit  
  66  10:32  Drone x2  
  65  10:40  Baneling x2  
  64  10:53  Zergling x2  
  64  10:54  Zergling x10  
  64  10:55  Baneling x6  
  64  10:56  Baneling  
  59  11:19  Overlord x2, Zergling x2  
  59  11:20  Zergling x10  
  64  11:26  Drone x2  
  64  11:28  Drone x2  
  64  11:32  Baneling x4  
  68  11:33  Baneling  
  68  11:43  Hive  
  68  12:04  Overlord x2, Zergling x2  
  68  12:05  Zergling x10  
  74  12:12  Zergling x8  
  78  12:21  Evolution Chamber  
  75  12:22  Zerg Ground Armor Level 1  
  75  12:35  Zergling x12  
  76  12:44  Zergling x8  
  77  12:45  Baneling x2  
  77  12:46  Baneling  
  77  12:47  Drone  
  79  12:58  Zergling x10  
  75  13:35  Zergling x20  
  82  13:43  Zergling x2  
  82  13:44  Zergling x2  
  61  14:00  Zergling x2  
  61  14:01  Zergling x14  
  61  14:02  Queen  
  70  14:03  Queen  
  72  14:10  Overseer  
  72  14:12  Overseer x2  
  72  14:21  Zergling x4  
  72  14:22  Zergling x6  
  77  14:27  Drone x2  
  77  14:28  Drone  
  80  14:37  Zergling x8  
  74  14:55  Drone  
  74  14:56  Drone x4  
Tags
 
Add a new tag
Caveats
  • Supply blocks, unpowered buildings, or Contaminate may cause inaccurate times.
  • Supply counts are checked every 10 seconds.